Map: NeoHumanity LE

Players

ForJumY

  • Race: Protoss Protoss
  • Spawn Location: 11:00

Reynor - Winner!

  • Race: Zerg Zerg
  • League: Master
  • Spawn Location: 5:00

Event: HomeStory Cup XXIII

VOD

Have the link to the VOD?

Description

Time

  • Played on: June 30, 2023, 7 a.m.
  • Length: 27:45

All games in this series

Show
View Real Time Build Order
Export as new Build Order

ForJumY Protoss 

Build Orders: 1 Gate Expand, Carriers 

Get SALT Encoding   

  12  0:00  Probe  
  13  0:12  Probe  
  14  0:17  Pylon  
  14  0:24  Probe  
  15  0:38  Probe (Chrono Boost)  
  15  0:39  Gateway  
  16  0:48  Probe (Chrono Boost), Assimilator  
  17  0:53  Probe (Chrono Boost)  
  18  1:04  Probe  
  19  1:16  Probe  
  20  1:23  Nexus  
  20  1:33  Cybernetics Core  
  20  1:36  Probe  
  21  1:41  Assimilator  
  21  1:47  Pylon  
  21  1:51  Probe  
  22  2:04  Probe  
  22  2:06  Stalker (Chrono Boost)  
  25  2:16  Probe  
  26  2:24  Pylon  
  26  2:31  Warp Gate  
  26  2:34  Pylon  
  26  2:39  Probe x2 (Chrono Boost)  
  28  2:46  Stargate  
  29  2:51  Probe (Chrono Boost)  
  29  2:53  Probe (Chrono Boost)  
  29  2:56  Adept  
  32  3:00  Probe (Chrono Boost)  
  32  3:01  Probe (Chrono Boost)  
  34  3:08  Probe  
  35  3:13  Probe  
  35  3:19  Shield Battery  
  36  3:20  Probe  
  36  3:25  Probe  
  38  3:29  Adept  
  38  3:33  Probe  
  41  3:37  Void Ray (Chrono Boost)  
  41  3:38  Probe  
  46  3:48  Pylon  
  46  4:00  Assimilator  
  46  4:02  Assimilator  
  46  4:05  Twilight Council  
  46  4:06  Probe x2  
  48  4:18  Probe x2  
  48  4:19  Adept  
  52  4:27  Stargate  
  52  4:31  Probe x2  
  54  4:32  Pylon  
  54  4:38  Pylon  
  54  4:47  Nexus  
  54  4:50  Probe x2  
  60  4:56  Void Ray  
  60  4:57  Gateway  
  60  5:01  Pylon  
  60  5:03  Probe x2, Forge  
  62  5:14  Protoss Air Weapons Level 1, Shield Battery  
  62  5:15  Probe x2  
  62  5:19  Adept  
  66  5:27  Probe  
  66  5:28  Probe  
  72  5:29  Shield Battery  
  72  5:30  Void Ray (Chrono Boost)  
  72  5:36  Robotics Facility  
  72  5:39  Probe (Chrono Boost), Photon Cannon  
  72  5:41  Oracle (Chrono Boost)  
  73  5:46  Probe (Chrono Boost)  
  77  5:51  Probe (Chrono Boost)  
  77  5:57  Pylon  
  78  5:59  Probe x2 (Chrono Boost)  
  78  6:00  Pylon  
  78  6:02  Probe (Chrono Boost)  
  81  6:04  Probe (Chrono Boost)  
  81  6:05  Probe  
  83  6:12  Probe  
  92  6:21  Void Ray x2 (Chrono Boost)  
  92  6:25  Robotics Bay  
  92  6:26  Immortal  
  92  6:27  Probe  
  97  6:34  Probe  
  98  6:43  Assimilator  
  98  6:45  Assimilator  
  98  6:48  Photon Cannon  
  98  6:49  Fleet Beacon  
  98  6:53  Probe x2, Pylon  
  104  6:57  Void Ray (Chrono Boost)  
  108  7:03  Void Ray  
  108  7:12  Photon Cannon  
  108  7:14  Disruptor (Chrono Boost)  
  108  7:16  Photon Cannon, Shield Battery  
  108  7:21  Pylon  
  111  7:25  Probe x2  
  113  7:30  Photon Cannon  
  113  7:31  Photon Cannon  
  113  7:32  Photon Cannon  
  113  7:33  Photon Cannon  
  113  7:42  Disruptor  
  112  7:54  Protoss Air Weapons Level 2 (Chrono Boost)  
  112  7:55  Gateway  
  112  7:58  Cybernetics Core  
  112  8:00  Shield Battery x2  
  112  8:03  Pylon  
  112  8:07  Carrier x2 (Chrono Boost)  
  124  8:18  Pylon  
  124  8:19  Pylon  
  124  8:24  Twilight Council  
  132  8:34  Mothership  
  132  8:37  Photon Cannon x2  
  132  8:38  Photon Cannon  
  132  8:41  Pylon  
  132  8:52  Photon Cannon  
  132  8:53  Photon Cannon  
  132  8:55  Photon Cannon  
  132  8:58  Photon Cannon  
  132  9:01  Carrier (Chrono Boost)  
  138  9:11  Templar Archives  
  138  9:13  Disruptor  
  133  9:31  Carrier  
  139  9:45  Photon Cannon  
  139  9:46  Photon Cannon  
  139  9:47  Shield Battery  
  139  9:48  Disruptor  
  142  9:54  Pylon  
  142  9:57  Pylon  
  142  10:01  Carrier  
  148  10:12  Psionic Storm  
  148  10:33  Photon Cannon, Shield Battery  
  148  10:37  Protoss Shields Level 1  
  148  10:43  Carrier (Chrono Boost)  
  154  10:53  Nexus  
  154  11:04  Observer  
  155  11:07  Carrier (Chrono Boost)  
  161  11:25  Cybernetics Core  
  161  11:37  Protoss Air Armor Level 1 (Chrono Boost)  
  161  11:43  Nexus  
  161  11:44  Pylon, Carrier (Chrono Boost)  
  167  11:50  High Templar  
  169  11:57  High Templar x2  
  173  12:04  Photon Cannon, Carrier  
  173  12:05  Photon Cannon  
  173  12:07  Photon Cannon  
  179  12:08  Photon Cannon  
  179  12:09  Photon Cannon  
  179  12:14  Pylon  
  179  12:17  Shield Battery  
  179  12:19  Shield Battery  
  174  12:41  Stargate  
  174  12:47  Probe x2, Void Ray  
  176  12:55  Protoss Air Weapons Level 3 (Chrono Boost)  
  176  12:59  Nexus  
  176  13:01  Nexus  
  176  13:03  Protoss Shields Level 2 (Chrono Boost)  
  176  13:04  Photon Cannon  
  176  13:05  Gateway, Photon Cannon, Assimilator  
  176  13:06  Photon Cannon, Assimilator  
  176  13:07  Photon Cannon  
  184  13:30  Stargate  
  184  13:31  Void Ray x2  
  184  13:32  Stargate  
  184  13:44  Pylon x2  
  184  13:46  Protoss Air Armor Level 2 (Chrono Boost)  
  184  13:47  Photon Cannon x2  
  188  13:56  Void Ray  
  188  14:33  Carrier x2 (Chrono Boost)  
  200  15:09  Protoss Shields Level 3 (Chrono Boost)  
  200  15:11  Unknown  
  200  15:18  Charge  
  200  15:34  Nexus, Pylon  
  200  15:36  Pylon  
  200  16:00  Oracle  
  199  16:47  Mothership (Chrono Boost)  
  199  17:06  Unknown  
  199  17:42  Protoss Air Armor Level 3 (Chrono Boost)  
  186  18:06  Tempest (Chrono Boost)  
  186  18:07  Tempest (Chrono Boost)  
  183  18:39  Shield Battery  
  183  18:40  Shield Battery x2  
  183  18:42  Shield Battery x2  
  183  18:44  Shield Battery  
  183  18:45  Shield Battery  
  183  18:47  Shield Battery  
  170  19:06  Tempest x2  
  184  19:13  Void Ray  
  184  19:22  Zealot x3  
  178  19:52  Void Ray (Chrono Boost)  
  178  19:53  Void Ray x2 (Chrono Boost)  
  170  20:01  Void Ray (Chrono Boost)  
  170  20:02  Void Ray (Chrono Boost)  
  162  20:10  Archon  
  158  20:15  Stalker x3  
  142  20:23  Carrier  
  149  20:28  Void Ray x2  
  149  20:33  Carrier x2  
  161  20:42  Disruptor (Chrono Boost), High Templar  
  161  20:43  High Templar x2  
  162  21:06  Carrier x2  
  162  21:11  Observer, Archon  
  169  21:27  Carrier  
  173  21:37  Carrier  
  173  21:38  Carrier  
  183  21:42  Pylon  
  181  22:00  Nexus  
  175  22:07  Nexus  
  159  22:11  Photon Cannon, Carrier x2 (Chrono Boost)  
  159  22:13  Pylon, Photon Cannon  
  159  22:15  Photon Cannon  
  171  22:16  Photon Cannon, Shield Battery  
  171  22:17  Pylon, Photon Cannon  
  171  22:18  Shield Battery  
  171  22:21  Shield Battery x2, Assimilator  
  171  22:22  Assimilator  
  171  22:29  Carrier (Chrono Boost)  
  163  22:46  Void Ray (Chrono Boost)  
  163  22:47  Void Ray (Chrono Boost)  
  151  23:20  High Templar  
  147  23:38  Zealot x2  
  144  23:55  Mothership (Chrono Boost)  
  144  23:56  Shield Battery  
  144  23:57  Shield Battery  
  141  24:17  Zealot  
  144  24:43  Void Ray (Chrono Boost)  
  144  24:44  Void Ray x2 (Chrono Boost)  
  141  24:46  Void Ray (Chrono Boost)  
  141  24:49  Zealot  
  131  25:16  Void Ray (Chrono Boost)  
  135  25:22  Zealot  
  135  25:26  Pylon  
  135  25:27  Void Ray (Chrono Boost)  
  137  25:32  Pylon  
  145  25:37  Void Ray (Chrono Boost)  
  145  25:38  Void Ray (Chrono Boost)  
  141  25:45  Flux Vanes  
  133  26:18  Forge  
  133  26:23  Pylon  
  123  27:17  Void Ray (Chrono Boost)  
Show
View Real Time Build Order
Export as new Build Order

Reynor Zerg - Winner!

Build Orders: Pool First, Brood Lord Corruptor 

Get SALT Encoding   

  12  0:00  Drone  
  13  0:12  Overlord  
  13  0:16  Drone  
  14  0:30  Drone x2  
  16  0:36  Drone  
  17  0:45  Spawning Pool  
  17  0:47  Drone  
  17  1:10  Hatchery  
  16  1:12  Drone  
  16  1:17  Drone  
  18  1:27  Extractor  
  18  1:31  Zergling x4  
  19  1:33  Queen  
  19  1:39  Overlord  
  21  1:49  Drone  
  22  2:00  Drone  
  23  2:08  Queen  
  23  2:10  Drone  
  26  2:21  Drone  
  27  2:23  Drone  
  28  2:32  Drone  
  28  2:33  Drone  
  28  2:36  Metabolic Boost  
  28  2:40  Queen  
  28  2:42  Overlord  
  28  2:43  Drone x2  
  32  2:45  Drone  
  32  2:47  Drone  
  34  3:01  Hatchery  
  34  3:03  Drone  
  34  3:05  Drone  
  34  3:08  Drone  
  34  3:09  Drone  
  37  3:15  Queen  
  37  3:17  Drone  
  37  3:19  Drone  
  41  3:21  Drone  
  41  3:24  Drone  
  43  3:27  Overlord  
  43  3:30  Overlord  
  43  3:33  Zergling x2  
  44  3:41  Overlord  
  44  3:45  Queen  
  47  3:48  Drone  
  47  3:50  Drone  
  47  3:51  Roach Warren  
  47  3:55  Zergling x4  
  49  3:57  Overlord  
  49  3:59  Drone x2  
  49  4:01  Drone  
  52  4:03  Drone  
  52  4:06  Drone  
  54  4:11  Queen  
  54  4:14  Drone x2  
  54  4:16  Drone  
  59  4:19  Queen  
  59  4:22  Drone  
  59  4:23  Drone  
  63  4:25  Drone  
  63  4:30  Zergling x6  
  67  4:31  Drone  
  67  4:32  Drone  
  67  4:35  Lair  
  67  4:38  Drone x2  
  70  4:42  Drone  
  71  4:46  Pneumatized Carapace  
  71  4:47  Overlord  
  71  4:48  Drone  
  71  4:50  Drone  
  71  4:52  Extractor, Overlord, Evolution Chamber  
  72  4:54  Drone x2  
  72  4:57  Spore Crawler  
  72  4:58  Drone  
  72  4:59  Overlord  
  73  5:05  Overlord  
  73  5:06  Drone x3  
  76  5:08  Drone x2  
  76  5:13  Drone x3  
  81  5:18  Extractor  
  81  5:20  Zerg Missile Weapons Level 1, Overlord  
  80  5:21  Drone x3  
  80  5:22  Drone  
  80  5:24  Extractor  
  80  5:25  Drone  
  84  5:31  Drone x2  
  84  5:34  Drone x2  
  84  5:35  Drone, Overseer  
  89  5:36  Overseer  
  89  5:39  Hatchery  
  89  5:42  Drone x2  
  90  5:45  Overlord  
  90  5:46  Extractor  
  90  5:47  Extractor  
  88  5:51  Glial Reconstitution  
  88  5:52  Overlord  
  88  5:54  Queen  
  88  5:55  Overseer  
  88  5:57  Drone x7  
  92  5:59  Drone  
  92  6:01  Drone  
  92  6:03  Drone x2  
  101  6:04  Infestation Pit  
  101  6:06  Overlord  
  101  6:07  Drone  
  101  6:19  Drone x3, Hatchery  
  101  6:23  Spire, Queen  
  104  6:26  Overlord  
  104  6:29  Drone x2  
  104  6:31  Drone  
  107  6:33  Spore Crawler  
  107  6:34  Drone x2  
  108  6:42  Zergling x6  
  108  6:43  Zergling x8  
  108  6:45  Unknown, Overlord  
  114  6:50  Queen  
  116  6:57  Zergling x14  
  116  6:58  Overlord  
  123  7:03  Hive  
  123  7:05  Drone x3  
  123  7:08  Overlord  
  126  7:09  Evolution Chamber  
  126  7:10  Roach  
  126  7:13  Roach x2  
  126  7:14  Queen  
  133  7:16  Drone  
  133  7:18  Spore Crawler  
  133  7:23  Overlord  
  133  7:26  Drone x2  
  133  7:29  Spore Crawler  
  134  7:39  Drone x8  
  134  7:42  Zerg Missile Weapons Level 2, Zerg Melee Weapons Level 1  
  134  7:43  Roach x6  
  154  7:44  Overlord  
  154  7:49  Drone x2, Queen  
  154  7:50  Drone x2  
  159  7:51  Infestor x3  
  159  7:53  Overlord  
  165  8:00  Overlord  
  165  8:02  Drone x2  
  165  8:04  Spore Crawler  
  166  8:12  Extractor, Roach  
  167  8:14  Extractor, Adrenal Glands, Greater Spire  
  167  8:17  Spore Crawler  
  167  8:18  Spine Crawler, Spore Crawler  
  167  8:19  Roach x10  
  183  8:21  Overlord  
  183  8:23  Drone  
  180  8:29  Drone x3  
  180  8:30  Spore Crawler  
  180  8:32  Ravager x2, Overseer  
  184  8:36  Drone x2  
  184  8:37  Drone, Spine Crawler  
  184  8:38  Spine Crawler x2, Spore Crawler  
  184  8:39  Drone  
  184  8:40  Drone x2  
  186  8:45  Overlord  
  186  9:05  Overlord  
  179  9:27  Spore Crawler x3, Corruptor x4  
  179  9:28  Spore Crawler x2, Corruptor x5  
  179  9:30  Zerg Flyer Weapons Level 1  
  192  9:32  Drone x4  
  192  9:36  Drone x2  
  192  9:37  Spore Crawler x2  
  192  9:38  Spore Crawler x3  
  194  9:39  Drone x2  
  194  9:44  Spore Crawler  
  194  9:45  Drone x4, Spore Crawler  
  197  9:46  Spore Crawler x3  
  197  9:47  Spore Crawler x2  
  197  9:48  Spore Crawler  
  197  9:49  Spore Crawler  
  197  9:51  Spine Crawler  
  197  9:52  Spine Crawler  
  188  10:00  Drone x3  
  188  10:03  Spore Crawler x3  
  188  10:06  Brood Lord  
  188  10:07  Brood Lord x4  
  198  10:18  Zerg Melee Weapons Level 2  
  198  10:19  Spire  
  198  10:20  Drone x2  
  199  10:22  Baneling Nest  
  198  10:32  Spine Crawler  
  197  10:39  Brood Lord  
  197  10:40  Overseer  
  199  10:49  Zerg Ground Armor Level 1  
  199  10:51  Ultralisk Cavern  
  198  10:57  Spine Crawler  
  198  11:02  Spore Crawler  
  198  11:03  Spore Crawler  
  195  11:04  Brood Lord x2  
  195  11:05  Spore Crawler x2, Brood Lord  
  195  11:06  Spore Crawler  
  192  11:21  Viper x3  
  192  11:25  Zerg Flyer Weapons Level 2  
  195  11:38  Zerg Flyer Armor Level 1  
  194  11:45  Corruptor  
  194  11:46  Corruptor  
  199  12:01  Hatchery  
  199  12:02  Chitinous Plating  
  196  12:14  Corruptor  
  198  12:21  Centrifugal Hooks  
  198  12:22  Corruptor  
  199  12:45  Spore Crawler x2  
  199  12:46  Spore Crawler  
  196  13:04  Spore Crawler x3, Corruptor x3  
  196  13:05  Spore Crawler x2  
  198  13:06  Spore Crawler  
  196  13:14  Zerg Ground Armor Level 2  
  196  13:15  Zerg Melee Weapons Level 3  
  196  13:17  Spore Crawler x2, Corruptor x2  
  196  13:18  Spore Crawler, Corruptor  
  197  13:36  Corruptor  
  197  13:38  Zerg Flyer Armor Level 2  
  199  13:41  Zerg Flyer Weapons Level 3  
  199  13:53  Overseer  
  199  13:54  Overseer x2  
  199  13:55  Overseer  
  199  13:56  Hatchery  
  190  14:06  Drone x3  
  185  14:11  Corruptor x8  
  185  14:13  Corruptor  
  199  14:20  Burrow, Neural Parasite  
  199  14:28  Overseer x3  
  199  14:29  Overseer  
  199  14:38  Extractor x2  
  199  14:40  Corruptor  
  199  14:46  Spore Crawler x2, Spine Crawler  
  199  14:48  Spore Crawler, Overseer  
  199  14:51  Drone x4  
  199  15:26  Zergling x2  
  200  15:39  Pathogen Glands  
  198  16:07  Zerg Ground Armor Level 3, Zerg Flyer Armor Level 3  
  198  16:32  Spore Crawler  
  197  16:34  Spore Crawler  
  197  16:36  Spore Crawler x3  
  193  16:44  Corruptor x3  
  199  17:33  Overseer  
  191  18:00  Corruptor x5  
  199  18:41  Spore Crawler x3  
  197  18:42  Spore Crawler x2  
  197  18:44  Spore Crawler  
  192  19:10  Spore Crawler x2  
  192  19:11  Spore Crawler  
  185  19:26  Spore Crawler  
  184  19:36  Hatchery  
  183  19:45  Corruptor x7  
  169  20:20  Zergling x14  
  169  20:21  Overlord, Zergling x6  
  173  20:29  Overlord  
  173  20:31  Viper x3  
  183  20:35  Brood Lord x4  
  183  20:37  Overlord  
  183  20:42  Hatchery  
  186  20:44  Ultralisk  
  186  20:48  Ultralisk  
  196  21:17  Zerg Missile Weapons Level 3  
  196  21:28  Drone x3  
  199  21:53  Overlord  
  189  22:16  Zergling x20  
  189  22:19  Overseer  
  196  22:42  Overseer  
  190  23:04  Zergling x6  
  190  23:05  Zergling x8  
  197  23:06  Baneling x22  
  197  23:11  Queen  
  199  23:31  Spore Crawler x2  
  199  23:32  Spore Crawler  
  199  23:33  Spore Crawler, Overseer  
  199  23:34  Spore Crawler x2  
  181  23:51  Zergling x30  
  181  23:53  Overseer x2  
  195  24:07  Zergling x10  
  199  24:14  Overlord  
  192  24:29  Spore Crawler  
  192  24:30  Spore Crawler  
  182  24:38  Zergling x20  
  188  24:40  Overlord  
  184  24:49  Corruptor x8  
  198  25:04  Spine Crawler  
  198  25:05  Spore Crawler  
  198  25:06  Extractor x2  
  186  25:21  Zergling x18  
  186  25:22  Zergling x2  
  186  25:23  Overlord  
  186  25:25  Corruptor x3  
  197  25:50  Zergling x2  
  197  25:51  Zergling x4  
  194  26:18  Spore Crawler x4  
  186  26:39  Corruptor x6  
  193  26:52  Hatchery  
  187  26:55  Hatchery  
  184  27:02  Zergling x30  
  184  27:04  Hatchery  
  184  27:07  Spore Crawler x2  
  193  27:09  Overlord, Spore Crawler  
  193  27:11  Spore Crawler  
  187  27:16  Spore Crawler  
  187  27:17  Spore Crawler  
Tags
 
Add a new tag
Caveats
  • Supply blocks, unpowered buildings, or Contaminate may cause inaccurate times.
  • Supply counts are checked every 10 seconds.